AoeStats
← Jari Emil Sillanpää

Black Forest

507559331Analyzed
4v4 RM · 14d ago on Sep 18, 2026· 44m 58s· 8 players
Game mode
Random Map
Map size
Large (8 player)
Population
200
Speed
Normal
Resources
Standard
Victory
Conquest
Starting age
Dark Age
Ending age
Imperial Age
RankedLock teamsTeams togetherTeam positionsShared explorationLock speedFull tech treeHidden civsTurbo modeCheats
Victory
Defeat
🇫🇮 Hindustanis · Finland
1562
+15
🇫🇮 Muisca · Finland
1547
+13
🇫🇮 Italians · Finland
1526
+14
🇫🇮 Bohemians · Finland
1145
+28
🇳🇱 Celts · Netherlands
1496
-17
🇬🇧 Byzantines · United Kingdom
1486
-17
🇩🇪 Sicilians · Germany
1478
-17
🇦🇷 Japanese · Argentina
1435
-16
Tauno Palo
6:04 Loom
11:43 Feudal Age
15:33 Castle Age
13:22 Fishing Lines
16:09 Double-Bit Axe
23:03 Bow Saw
23:17 Horse Collar
24:37 Wheelbarrow
24:39 Gillnets
25:09 Gold Mining
26:17 Hand Cart
30:07 Imperial Age
27:59 Grand Trunk Road
28:10 Padded Archer Armor
28:00 Fletching
29:29 Ballistics
29:20 Masonry
29:48 Leather Archer Armor
29:29 Bodkin Arrow
30:03 Stone Mining
30:49 Gold Shaft Mining
30:12 Town Watch
32:06 Chemistry
31:12 Siege Engineers
31:32 Conscription
31:14 Shatagni
31:39 Town Patrol
31:44 Caravan
34:57 Ring Archer Armor
34:28 Bracer
Jari Emil Sillanpää
1:12 Loom
13:55 Feudal Age
14:50 Horse Collar
14:57 Double-Bit Axe
19:44 Castle Age
18:12 Horse Collar
18:23 Stone Mining
21:39 Bow Saw
22:33 Fletching
25:28 Town Watch
27:58 Sanctity
30:47 Wheelbarrow
32:21 Heavy Plow
32:12 Gold Mining
33:15 Redemption
37:19 Imperial Age
35:16 Devotion
36:59 Gold Shaft Mining
36:59 Stone Shaft Mining
37:58 Bodkin Arrow
38:03 Padded Archer Armor
38:51 Block Printing
39:10 Faith
39:35 Atonement
39:46 Fervor
40:02 Illumination
40:45 Chemistry
40:06 Ballistics
39:57 Masonry
39:50 Bracer
40:06 Leather Archer Armor
41:22 Treadmill Crane
41:48 Siege Engineers
43:14 Two-Man Saw
45:33 Heresy
45:48 Theocracy
45:08 Herbal Medicine
Dasran
13:20 Feudal Age
12:55 Loom
16:51 Castle Age
20:13 Wheelbarrow
19:29 Town Watch
20:34 Double-Bit Axe
22:49 Bow Saw
24:34 Horse Collar
24:37 Fishing Lines
25:11 Husbandry
26:17 Light Cavalry
27:24 Heavy Plow
28:28 Gillnets
29:22 Hand Cart
28:57 Gold Mining
32:02 Imperial Age
29:59 Stone Mining
30:34 Scale Barding Armor
30:39 Forging
30:20 Fletching
31:41 Bloodlines
31:34 Padded Archer Armor
31:54 Chain Barding Armor
31:44 Forging
31:47 Bodkin Arrow
34:08 Chemistry
33:29 Ballistics
32:42 Hussar
33:57 Conscription
35:22 Bracer
35:39 Leather Archer Armor
37:04 Plate Barding Armor
37:05 Iron Casting
40:00 Blast Furnace
39:14 Devotion
41:25 Coinage
41:06 Guilds
41:51 Faith
42:22 Banking
44:07 Ring Archer Armor
44:17 Hoardings
44:47 Elite Genoese Crossbowman
45:50 Silk Road
PaidatonPillastuja
2:15 Loom
11:05 Feudal Age
14:37 Double-Bit Axe
19:35 Castle Age
34:07 Masonry
35:25 Fletching
sneaky
1:11 Loom
10:43 Feudal Age
14:49 Castle Age
15:37 Double-Bit Axe
16:12 Horse Collar
23:20 Sanctity
26:14 Heavy Plow
29:05 Imperial Age
27:10 Redemption
27:23 Fervor
27:13 Gold Mining
28:37 Wheelbarrow
28:26 Bow Saw
30:46 Chemistry
29:21 Pikeman
30:19 Scale Mail Armor
30:29 Forging
31:52 Chain Mail Armor
32:09 Block Printing
32:43 Squires
35:22 Theocracy
35:14 Illumination
38:52 Halberdier
40:22 Plate Mail Armor
40:03 Forging
42:54 Caravan
44:11 Iron Casting
eraycoskun33
1:12 Loom
23:36 Feudal Age
24:58 Double-Bit Axe
27:22 Castle Age
27:17 Wheelbarrow
27:05 Fishing Lines
28:34 Horse Collar
29:06 Bow Saw
30:09 Hand Cart
31:37 Heavy Plow
33:38 Gillnets
38:38 Imperial Age
37:04 First Crusade
36:47 Scale Mail Armor
36:57 Forging
36:57 Gold Mining
36:57 Stone Mining
38:03 Chain Mail Armor
39:10 Iron Casting
38:49 Elite Serjeant
40:16 Plate Mail Armor
39:57 Squires
39:43 Arson
44:15 Coinage
45:18 Blast Furnace
Night Prowler
7:22 Loom
12:21 Feudal Age
13:19 Double-Bit Axe
16:17 Castle Age
14:09 Horse Collar
16:59 Heavy Plow
17:09 Bow Saw
23:07 Gold Mining
24:00 Stone Mining
27:49 Wheelbarrow
28:26 Pikeman
29:28 Scale Mail Armor
29:48 Forging
30:59 Chain Mail Armor
33:32 Imperial Age
31:59 Iron Casting
32:23 Town Watch
32:45 Arson
33:35 Halberdier
33:40 Heavy Scorpion
34:36 Furor Celtica
34:47 Conscription
36:14 Stronghold
38:56 Hoardings
39:33 Plate Mail Armor
40:02 Siege Engineers
40:31 Masonry
44:17 Fletching
44:27 Padded Archer Armor
43:49 Elite Skirmisher
too old for this new shit
11:27 Feudal Age
15:02 Castle Age
13:24 Horse Collar
13:44 Double-Bit Axe
15:57 Bow Saw
15:48 Heavy Plow
20:29 Fletching
22:35 Gold Mining
24:06 Wheelbarrow
24:12 Stone Mining
24:51 Bodkin Arrow
24:57 Padded Archer Armor
26:10 Gold Shaft Mining
25:23 Crossbowman
27:04 Loom
29:49 Imperial Age
27:38 Leather Archer Armor
26:56 Elite Skirmisher
28:13 Coinage
28:51 Forging
28:42 Scale Mail Armor
28:24 Treadmill Crane
28:31 Pikeman
29:12 Squires
28:57 Arson
31:01 Iron Casting
30:41 Chain Mail Armor
30:18 Capped Ram
30:20 Arbalester
31:05 Bracer
31:51 Conscription
31:54 Ballistics
32:35 Chemistry
32:07 Thumb Ring
34:43 Two-Man Saw
35:06 Kataparuto
35:34 Ring Archer Armor
38:30 Siege Engineers
38:25 Murder Holes
39:10 Halberdier
41:09 Plate Mail Armor
41:39 Blast Furnace
42:42 Masonry
42:38 Siege Engineers
Connection lost

Rejoining the realm…

Still unreachable

The connection could not be restored.

Session expired

The server has moved on; the page needs a fresh start.